 Dungeon Crawl Stone Soup version 0.20-a0-472-g5c05303 (webtiles) character file.

20922 Goblin1989 the Cleaver (level 12, -5/116 HPs)
             Began as a Deep Dwarf Artificer on Jan 14, 2017.
             Was a High Priest of Makhleb.
             Slain by an orc knight
             ... wielding a +0 great mace
              (19 damage)
             ... on level 2 of the Orcish Mines.
             The game lasted 00:49:30 (10426 turns).

Goblin1989 the Cleaver (Deep Dwarf Artificer)      Turns: 10426, Time: 00:49:32

Health: -5/116     AC: 18    Str: 21    XL:     12   Next: 49%
Magic:  4/4        EV: 10    Int: 12    God:    Makhleb [*****.]
Gold:   1293       SH:  0    Dex: 13    Spells: 11/11 levels left

rFire  . . .     SeeInvis .     y - +3 battleaxe (curse)
rCold  . . .     Gourm    .     z - +0 plate armour
rNeg   . . .     Faith    .     (shield currently unavailable)
rPois  .         Spirit   .     v - +0 helmet
rElec  .         Reflect  .     G - +0 cloak {MR+}
rCorr  .         Harm     .     (no gloves)
MR     +++..                    p - +0 pair of boots
Stlth  ..........               L - amulet of magic regeneration
                                m - ring of protection from magic
                                l - ring of flight

@: very slightly contaminated, non-regenerating, hasted, very quick
A: damage resistance, recharge devices, sense surroundings 2, slow regeneration
3
a: Heal Wounds, Minor Destruction, Lesser Servant of Makhleb, Major Destruction,
Greater Servant of Makhleb, Renounce Religion, Evoke Flight


You were on level 2 of the Orcish Mines.
You worshipped Makhleb.
Makhleb was extremely pleased with you.
You were not hungry.

You visited 3 branches of the dungeon, and saw 15 of its levels.

You collected 1468 gold pieces.
You spent 175 gold pieces at shops.

Inventory:

Hand Weapons
 a - a +0 short sword
 i - a +0 whip
 n - a +0 battleaxe of chopping
 r - a +2 mace of holy wrath
 u - a +0 war axe
 y - a cursed +3 battleaxe (weapon)
Missiles
 o - 3 needles of sleeping
 Q - 5 curare-tipped needles
 Z - 6 throwing nets {=f, !d}
Armour
 p - a +0 pair of boots (worn)
 v - a +0 helmet (worn)
 z - a +0 plate armour (worn)
 G - a +0 cloak of magic resistance (worn)
Jewellery
 l - a ring of flight (left hand)
 m - a ring of protection from magic (right hand)
 L - an amulet of magic regeneration (around neck)
Wands
 c - a wand of flame (0/48)
 e - a wand of random effects (5/48)
 E - a wand of enslavement (15/24)
 I - a wand of iceblast (7/15)
 P - a wand of paralysis (0/24)
Scrolls
 x - a scroll of enchant weapon
 A - 5 scrolls of amnesia
 B - a scroll of blinking
 D - a scroll of remove curse {@r2}
 F - 4 scrolls of enchant armour
 J - 3 scrolls of recharging
 K - 4 scrolls of immolation {!r}
 M - 3 scrolls of magic mapping
 R - 7 scrolls of identify {@r1}
 T - 5 scrolls of teleportation {!r, @r4}
Potions
 d - 2 potions of ambrosia
 k - 5 potions of curing {@q1}
 q - 3 potions of lignification {!q}
 t - 3 potions of magic
 w - 2 potions of cancellation
 C - a potion of haste {!q, @q3}
 H - 2 potions of brilliance
 O - a potion of heal wounds {!q, @q2}
Comestibles
 b - a slice of pizza
 f - 7 bread rations {@e1}
 g - 3 beef jerkies
 h - 3 fruits
 j - 5 meat rations {@e2}
 s - 6 chunks of flesh {@w0}


   Skills:
 + Level 9.8 Fighting
 - Level 0.8 Short Blades
 * Level 14.9(15.0) Axes
 - Level 2.2(9.4) Maces & Flails
 + Level 10.0 Armour
 + Level 6.9 Dodging
 - Level 1.2 Stealth
 - Level 4.0 Evocations


You had 11 spell levels left.
You didn't know any spells.

Dungeon Overview and Level Annotations

Branches:
Dungeon (12/15)            Temple (1/1) D:5            Lair (0/6) D:9
    Orc (2/2) D:9
    Elf: Orc:2

Altars:
Ashenzari
Cheibriados
Dithmenos
Elyvilon
Fedhas
Gozag
Hepliaklqana
Makhleb
Okawaru
Qazlal
Sif Muna
Trog
Uskayaw
Vehumet
Xom
Zin

Shops:
D:6 }   D:8 ?

Portals:
Trove: D:11 (give 17 potions of curing)


Innate Abilities, Weirdness & Mutations

You are resistant to damage.
You can recharge devices by infusing magical energy.
You passively map the area around you.
You do not regenerate.


Message History

* * * LOW HITPOINT WARNING * * *
You take 31 damage, and have 19/116 hp.
MASSIVE DAMAGE!!
You closely miss the orc knight.
The orc knight is lightly wounded.
You closely miss the orc warrior.
The orc warrior hits you with a war axe.
* * * LOW HITPOINT WARNING * * *
You take 4 damage, and have 15/116 hp.
You feel much better.
The orc warlord shoots a bolt.
The bolt hits you!!
* * * LOW HITPOINT WARNING * * *
The warg barely misses you.
You regained 3 hp, and now have 18/116 hp.
Unknown command.
The orc warrior hits you but does no damage.
The orc warrior throws a tomahawk.
The tomahawk closely misses you.
The orc high priest hits you from afar with a trident!
* * * LOW HITPOINT WARNING * * *
The warg bites you.
The orc knight hits you with a great mace!!
You die...

· ·· ·· ▓ ▓ ·
P..........█...
·..........█...█ ▓ ·
· ............... ·
· ·.......o.......··
· .............█ ·
.....oO...<..██
....ooo.....$.█ · ·
· ....4o)@h..█.██
···· .....ooo)(█...█
· · ▓·
.......)..██..████ ·
·
.........█.......█▓
·..█...............
·$.............█..██
·
.............█....▓
▓ · ·▓
.................█ ·
.................██


You could see an orc warlord, an orc knight, 2 orc high priests, a chaos spawn,
a warg, 5 orc warriors and an ogre.

Vanquished Creatures
  Fannar (D:10)
  Harold (D:11)
  8 two-headed ogres
  A tengu warrior (D:12)
  The ghost of sergedm the Eclecticist, a journeyman DECj of Vehumet (D:10)
  Nergalle (D:11)
  An unseen horror (D:11)
  An orc knight (Orc:1)
  4 cyclopes
  An ugly thing (D:12)
  Maurice (D:11)
  Psyche (D:11)
  A gargoyle (D:12)
  The ghost of ThermosAquaticus the Slasher, a novice BaAr of Cheibriados (D:7)
  A hippogriff (D:7)
  4 yaks (D:11)
  A wraith (D:12)
  2 vampire mosquitoes (D:12)
  The ghost of Armakuni the Skirmisher, an amateur DsGl of Xom (D:3)
  A warg (Orc:2)
  Menkaure (D:7)
  2 porcupines (D:9)
  A hornet zombie (D:10)
  9 orc warriors
  6 ice beasts
  5 black bears
  An eye of draining (D:9)
  4 phantoms
  4 necrophages (D:7)
  6 centaurs
  4 ogres
  A crocodile (D:9)
  A gnoll sergeant (D:3)
  7 bullfrogs
  8 scorpions
  A water moccasin zombie (D:7)
  A killer bee (D:9)
  11 wights
  3 howler monkeys (D:7)
  2 crimson imps
  A centaur zombie (D:7)
  A bullfrog zombie (D:9)
  7 hounds
  A centaur skeleton (D:8)
  13 orc priests
  4 jellies
  9 orc wizards
  5 gnoll shamans (D:3)
  Jessica (D:3)
  3 iguanas
  3 worker ants
  A killer bee zombie (D:6)
  2 hound zombies
  A hound skeleton (D:4)
  A mummy (D:7)
  A worker ant zombie (D:7)
  Robin (D:2)
  32 gnolls (D:3)
  2 howler monkey zombies
  7 adders
  2 shadow imps
  2 oozes
  An adder zombie (D:7)
  2 adder skeletons
  5 worms
  2 dart slugs (D:4)
  4 leopard geckos
  44 orcs
  7 bats
  5 giant cockroaches
  11 goblins
  11 hobgoblins
  20 jackals
  5 kobolds
  4 quokkas
  A ball python (D:1)
  2 frilled lizards
  A hobgoblin zombie (D:7)
  A kobold zombie (D:7)
  2 orc zombies (D:7)
  A quokka skeleton (D:7)
  A quokka zombie (D:6)
  7 rats
349 creatures vanquished.

Vanquished Creatures (others)
  A fungus (D:9)
1 creature vanquished.

Grand Total: 350 creatures vanquished

Notes
Turn   | Place    | Note
-------+----------+-------------------------------------------
     0 | D:1      | Goblin1989 the Deep Dwarf Artificer began the quest for the Orb.
     0 | D:1      | Reached XP level 1. HP: 16/16 MP: 3/3
    16 | D:1      | Reached skill level 1 in Fighting
   158 | D:1      | Reached skill level 1 in Maces & Flails
   252 | D:1      | Reached XP level 2. HP: 15/25 MP: 5/5
   878 | D:2      | Found a shadowy altar of Dithmenos.
  1020 | D:2      | Reached XP level 3. HP: 27/31 MP: 6/6
  1048 | D:2      | Noticed Robin
  1107 | D:2      | Killed Robin
  1333 | D:2      | Reached XP level 4. HP: 33/40 MP: 7/7
  1925 | D:3      | Reached XP level 5. HP: 43/50 MP: 8/8
  1961 | D:3      | Noticed Jessica
  1975 | D:3      | Killed Jessica
  2148 | D:4      | Reached skill level 5 in Fighting
  2180 | D:4      | Reached XP level 6. HP: 50/61 MP: 8/8
  2665 | D:5      | Entered Level 5 of the Dungeon
  2864 | D:5      | Found a staircase to the Ecumenical Temple.
  2868 | Temple   | Entered the Ecumenical Temple
  2890 | Temple   | Became a worshipper of Makhleb the Destroyer
  3191 | D:5      | Reached skill level 2 in Axes
  3297 | D:5      | Noticed an ice beast
  3313 | D:5      | Killed an ice beast
  3313 | D:5      | Reached skill level 3 in Axes
  3438 | D:6      | Reached skill level 4 in Axes
  3438 | D:6      | Reached XP level 7. HP: 61/67 MP: 8/8
  3553 | D:6      | Reached skill level 5 in Axes
  3690 | D:6      | Found Goufif's Gadget Shoppe.
  3818 | D:6      | Reached skill level 6 in Axes
  3822 | D:6      | Reached skill level 1 in Armour
  4170 | D:7      | Reached XP level 8. HP: 49/75 MP: 8/8
  4191 | D:7      | Reached skill level 7 in Axes
  4199 | D:7      | Noticed ThermosAquaticus's ghost (novice BaAr)
  4341 | D:7      | Reached * piety under Makhleb
  4471 | D:3      | Noticed Armakuni's ghost (amateur DsGl)
  4490 | D:3      | Killed Armakuni's ghost
  4490 | D:3      | Reached skill level 8 in Axes
  4829 | D:3      | Reached ** piety under Makhleb
  4889 | D:3      | Gained mutation: You passively map the area around you. [Deep Dwarf growth]
  4889 | D:3      | Reached XP level 9. HP: 58/85 MP: 7/7
  5183 | D:7      | Killed ThermosAquaticus's ghost
  5183 | D:7      | Reached skill level 9 in Axes
  5290 | D:7      | Noticed Menkaure
  5305 | D:7      | Killed Menkaure
  5305 | D:7      | Reached skill level 5 in Armour
  5574 | D:7      | Reached skill level 10 in Axes
  5777 | D:8      | Noticed a two-headed ogre
  5943 | D:8      | Reached *** piety under Makhleb
  6162 | D:8      | Found Rixt's Magic Scroll Shop.
  6172 | D:8      | Bought a scroll of identify for 26 gold pieces
  6172 | D:8      | Bought a scroll of recharging for 123 gold pieces
  6172 | D:8      | Bought a scroll of identify for 26 gold pieces
  6467 | D:8      | Killed a two-headed ogre
  6467 | D:8      | Reached skill level 11 in Axes
  6467 | D:8      | Reached XP level 10. HP: 46/94 MP: 4/4
  6669 | D:8      | Noticed a two-headed ogre
  6681 | D:8      | Killed a two-headed ogre
  6841 | D:9      | Reached skill level 12 in Axes
  6843 | D:9      | Found a staircase to the Lair.
  7082 | D:9      | Noticed a two-headed ogre
  7101 | D:9      | Killed a two-headed ogre
  7265 | D:9      | Reached **** piety under Makhleb
  7298 | D:9      | Found a staircase to the Orcish Mines.
  7838 | D:10     | Entered Level 10 of the Dungeon
  7919 | D:10     | Noticed Fannar
  7954 | D:10     | HP: 2/98 [ice beast[Fannar] (4)]
  7964 | D:10     | Killed Fannar
  7964 | D:10     | Reached XP level 11. HP: 48/104 MP: 5/5
  8152 | D:10     | Noticed sergedm's ghost (journeyman DECj)
  8171 | D:10     | Killed sergedm's ghost
  8311 | D:11     | Noticed Maurice
  8320 | D:11     | Killed Maurice
  8320 | D:11     | Reached skill level 13 in Axes
  8357 | D:11     | Noticed Psyche
  8366 | D:11     | Killed Psyche
  8408 | D:11     | Noticed Nergalle
  8418 | D:11     | Noticed a spectral orc warlord
  8432 | D:11     | Noticed a spectral orc warlord
  8439 | D:11     | Killed Nergalle
  8490 | D:11     | Noticed Harold
  8509 | D:11     | Killed Harold
  8660 | D:11     | Killed an unseen horror
  8800 | D:11     | Found a portal to a secret trove of treasure.
  8982 | D:11     | Noticed a two-headed ogre
  9001 | D:11     | Killed a two-headed ogre
  9001 | D:11     | Reached skill level 5 in Dodging
  9109 | D:12     | Noticed a green ugly thing
  9124 | D:12     | Killed a green ugly thing
  9127 | D:12     | Reached skill level 14 in Axes
  9148 | D:12     | Noticed a tengu warrior
  9151 | D:12     | Noticed a two-headed ogre
  9161 | D:12     | Killed a two-headed ogre
  9175 | D:12     | Killed a tengu warrior
  9175 | D:12     | Reached ***** piety under Makhleb
  9175 | D:12     | Reached XP level 12. HP: 64/115 MP: 5/5
  9231 | D:12     | Noticed a two-headed ogre
  9237 | D:12     | Killed a two-headed ogre
  9363 | D:12     | Noticed a two-headed ogre
  9373 | D:12     | Killed a two-headed ogre
 10048 | Orc:1    | Entered Level 1 of the Orcish Mines
 10356 | Orc:2    | Entered Level 2 of the Orcish Mines
 10404 | Orc:2    | Noticed a two-headed ogre
 10410 | Orc:2    | Noticed an orc warlord
 10410 | Orc:2    | Killed a two-headed ogre
 10415 | Orc:2    | Noticed an orc high priest
 10416 | Orc:2    | Noticed an orc high priest
 10419 | Orc:2    | Reached skill level 10 in Armour
 10426 | Orc:2    | Slain by an orc knight

Vault maps used:
D:1:      dpeg_arrival_fog, grunt_decor_resistance
D:2:      grunt_dithmenos_smoke, uniq_robin
D:3:      lemuel_castle_with_subvaults, uniq_jessica
D:4:      first_bread, minmay_misc_feat_pillars
D:6:      serial_shops, shop_coins, minmay_liquid_box, corner_web_ring,
          st_stairs_14
D:7:      serial_undead, serial_undead_b, serial_undead_e, serial_undead_a,
          serial_undead_a, serial_undead_f, serial_undead_d, serial_undead_c,
          minmay_mini_ossuary, uniq_menkaure
D:8:      serial_shops, nicolae_shop_statue_plus
D:9:      due_lair_maze_entry_diamond, orc_0_dummy
D:10:     uniq_fannar
D:11:     trove_entry_hex_spiral, uniq_psyche, uniq_nergalle, uniq_harold,
          uniq_maurice
Temple:   compressed_dpeg_triangle_lava_temple
Orc:2:    grunt_orc_gardens, grunt_orc_garden, grunt_orc_garden,
          grunt_orc_garden, grunt_orc_garden, serial_shops, shop,
          guppyfry_library_mini

Skill      XL: |  1  2  3  4  5  6  7  8  9 10 11 12 |
---------------+-------------------------------------+-----
Fighting       | 1 2 3 5 6 7 8 9 |  9.8
Maces & Flails | 1 2 |  2.2
Axes           | 4 6 8 11 12 14 | 14.9
Armour         | 1 4 6 8 9 10 | 10.0
Dodging        | 3 5 6 |  6.9
Short Blades   | |  0.8
Stealth        | |  1.2
Evocations     | |  4.0

Action                   |  1- 3 |  4- 6 |  7- 9 | 10-12 || total
-------------------------+-------+-------+-------+-------++-------
Melee: Club              |   103 |       |       |       ||   103
       Short sword       |    11 |       |       |       ||    11
       Whip              |    48 |       |       |       ||    48
       Mace              |    16 |   158 |    10 |    15 ||   199
       War axe           |       |    20 |   558 |     8 ||   586
       Battleaxe         |       |       |       |   528 ||   528
 Abil: Heal Wounds       |     2 |     5 |    26 |    24 ||    57
Evoke: Wand              |       |    15 |     8 |     3 ||    26
  Use: Scroll            |       |       |    13 |     4 ||    17
       Potion            |       |       |     5 |     4 ||     9
 Stab: Confused          |       |       |       |     2 ||     2
  Eat: Chunk             |     2 |     5 |    13 |    10 ||    30
       Fruit             |       |       |       |     4 ||     4
Armor: Leather armour    |    26 |       |       |       ||    26
       Ring mail         |    43 |    82 |   212 |       ||   337
       Chain mail        |       |       |    76 |     1 ||    77
       Plate armour      |       |       |       |   463 ||   463
Dodge: Dodged            |   132 |   131 |   318 |   232 ||   813

Vault maps used:
D:1:      dpeg_arrival_fog, grunt_decor_resistance
D:2:      grunt_dithmenos_smoke, uniq_robin
D:3:      lemuel_castle_with_subvaults, uniq_jessica
D:4:      first_bread, minmay_misc_feat_pillars
D:6:      serial_shops, shop_coins, minmay_liquid_box, corner_web_ring,
          st_stairs_14
D:7:      serial_undead, serial_undead_b, serial_undead_e, serial_undead_a,
          serial_undead_a, serial_undead_f, serial_undead_d, serial_undead_c,
          minmay_mini_ossuary, uniq_menkaure
D:8:      serial_shops, nicolae_shop_statue_plus
D:9:      due_lair_maze_entry_diamond, orc_0_dummy
D:10:     uniq_fannar
D:11:     trove_entry_hex_spiral, uniq_psyche, uniq_nergalle, uniq_harold,
          uniq_maurice
Temple:   compressed_dpeg_triangle_lava_temple
Orc:2:    grunt_orc_gardens, grunt_orc_garden, grunt_orc_garden,
          grunt_orc_garden, grunt_orc_garden, serial_shops, shop,
          guppyfry_library_mini
